 Dungeon Crawl Stone Soup version 0.29.1-12-g30fa7ad0bf (webtiles) character file.

Game seed: 15364436708219986071

5355 devnull the Fighter (level 10, 0/91 HPs)
             Began as a Ghoul Gladiator on Dec 19, 2022.
             Was a Priest of Okawaru.
             Slain by a troll (8 damage)
             ... on level 8 of the Dungeon.
             The game lasted 00:27:52 (10576 turns).

devnull the Fighter (Ghoul Gladiator)              Turns: 10576, Time: 00:27:52

Health: 0/91       AC: 22    Str: 21    XL:     10   Next: 65%
Magic:  1/3        EV:  9    Int:  5    God:    Okawaru [***...]
Gold:   395        SH:  0    Dex: 10    Spells: 8/9 levels left

rFire   . . .      SeeInvis +   G - +0 war axe (antimagic)
rCold   + . .      Faith    .   (no shield)
rNeg    + + +      Spirit   .   T - +0 plate armour
rPois   ∞          Reflect  .   x - +0 helmet {SInv}
rElec   .          Harm     .   q - +2 cloak
rCorr   .          Rampage  .   (no gloves)
Will    .....                   J - +0 pair of boots
Stlth   ..........              (no amulet)
HPRegen 0.00/turn               p - +4 ring of slaying
MPRegen 0.08/turn               w - ring of flight

@: heroic, flying, inhibited regen
A: claws 1, cold resistance 1, negative energy resistance 3, inhibited
regeneration, torment resistance 2, devour on kill
a: Renounce Religion, Heroism


You were on level 8 of the Dungeon.
You worshipped Okawaru.
Okawaru was most pleased with you.
You visited 1 branch of the dungeon, and saw 9 of its levels.

You collected 395 gold pieces.

Inventory:

Hand Weapons
 a - a +0 war axe
 e - a +2 flail of protection
 i - a +3 morningstar of freezing
 B - a +0 whip of electrocution
 E - a +1 whip of flaming
 G - a +0 antimagic war axe (weapon)
Missiles
 d - a throwing net (quivered)
 F - 17 poisoned darts
 L - a curare-tipped dart
 O - a javelin
 S - 16 silver boomerangs
Armour
 g - a +0 leather armour of fire resistance
 q - a +2 cloak (worn)
 x - a +0 helmet of see invisible (worn)
 z - a +0 ring mail
 J - a +0 pair of boots (worn)
 P - a +0 chain mail
 T - a +0 plate armour (worn)
Jewellery
 b - a ring of wizardry
 f - a ring of fire
 l - a ring of magical power
 p - a +4 ring of slaying (left claw)
 w - a ring of flight (right claw)
Wands
 K - a wand of quicksilver (9)
 M - a wand of flame (2)
 R - a wand of iceblast (8)
Scrolls
 n - 2 scrolls of blinking
 r - a scroll of noise
 t - 4 scrolls of fear
 u - 2 scrolls of teleportation
 y - 2 scrolls of silence {unknown}
 A - 2 scrolls of enchant weapon {unknown}
 C - a scroll of immolation {unknown}
 D - a scroll of amnesia {unknown}
Potions
 c - 3 potions of brilliance
 h - a potion of magic
 j - 2 potions of curing
 k - a potion of lignification {unknown}
 m - 3 potions of mutation
 o - a potion of haste {unknown}
 s - a potion of might {unknown}
 v - a potion of cancellation {unknown}
 H - 2 potions of ambrosia {unknown}
 I - a potion of resistance {unknown}
 N - a potion of heal wounds {unknown}
 Q - a potion of attraction {unknown}
 U - a potion of invisibility {unknown}


   Skills:
 + Level 9.6(14.6) Fighting
 + Level 8.3(13.3) Axes
 - Level 1.7(6.7) Throwing
 + Level 7.7(12.7) Armour
 - Level 2.6(7.6) Dodging
 - Level 5.3 Ice Magic


You had 8 spell levels left.
You knew the following spells:

 Your Spells              Type           Power      Damage    Failure   Level
a - Freeze                Ice            20%        1d4       58%         1

Your spell library contained the following spells:

 Spells                   Type           Power      Damage    Failure   Level
 Frozen Ramparts          Ice            10%        1d2       92%         3
 Confusing Touch          Hex            0%         N/A       100%        3
 Conjure Flame            Conj/Fire      0%         6-21      100%        3
 Gell's Gravitas          Tloc           0%         N/A       100%        3
 Ignite Poison            Fire/Tmut/Pois 0%         N/A       100%        3
 Teleport Other           Tloc           0%         N/A       100%        3
 Hailstorm                Conj/Ice       2%         3d3       100%        4
 Sticky Flame             Conj/Fire      0%         2d3       100%        4
 Yara's Violent Unravell  Hex/Tmut       0%         3d3       100%        5
 Dispersal                Tloc           0%         N/A       100%        6
 Enfeeble                 Hex            0%         N/A       100%        7


Dungeon Overview and Level Annotations

Branches:
Dungeon (9/15)             Temple (0/1) D:6
   Lair: D:8-11         Orc: D:9-12

Altars:
Ashenzari
Nemelex Xobeh
Okawaru
Trog
Uskayaw
Vehumet
Xom

Annotations:
D:8 !demon johnny, Amaemon


Innate Abilities, Weirdness & Mutations

You are immune to poison.
You have sharp fingernails.
Your flesh is cold resistant. (rC+)
You are immune to negative energy. (rN+++)
You do not regenerate when monsters are visible.
You are immune to unholy pain and torment.
You thrive by killing the living.


Message History

The troll barely misses you. x2; The troll claws you!
The gnoll hits you from afar with a +0 spear.
You slash the troll!
The troll is severely wounded.
The gnoll hits you from afar with a +0 halberd.
The troll bites you! The troll claws you!
* * * LOW HITPOINT WARNING * * *
The troll barely misses you. The gnoll closely misses you.
The gnoll hits you but does no damage.
You gain the combat prowess of a mighty hero.
The gnoll hits you from afar with a +0 spear.
* * * LOW HITPOINT WARNING * * *
The troll bites you but does no damage. The troll closely misses you.
The troll claws you but does no damage. The gnoll hits you but does no damage.
You hit the troll.
The troll is severely wounded.
The troll bites you.
* * * LOW HITPOINT WARNING * * *
The troll claws you.
* * * LOW HITPOINT WARNING * * *
The troll claws you but does no damage. The gnoll hits you but does no damage.
You closely miss the troll.
The troll is severely wounded.
The gnoll barely misses you. The troll bites you.
* * * LOW HITPOINT WARNING * * *
The troll claws you but does no damage. x2
The gnoll hits you but does no damage.
Unknown command.
Warning, next level annotated: !demon johnny, Amaemon Enter next level anyway?
The gnoll barely misses you. x2; The troll closely misses you.
The troll claws you but does no damage. The troll barely misses you.
You fly upwards.
There is a stone staircase leading down here.
You slash the troll!
The troll is almost dead.
The troll bites you.
* * * LOW HITPOINT WARNING * * *
The troll claws you!
You die...

#.##........['.......#
#.####.#######.......####
#.####.# #.......##..
#......# #.......##..
######.# #...........
########### ##...........
#.......).####..###.##....
#.......[.#.....##........
#........@+...............
#.......[T#.###.#..###....
#...............#..# ###..
#.........###...#..###....
########.##.##..#.........
#.#......#)........
#.##.##..##........
#####..###..###........
#...#..)...............


You could see a troll.

Vanquished Creatures
  Pikel (D:6)
  A polar bear (D:8)
  Prince Ribbit (D:7)
  A wyvern (D:7)
  2 steam dragons
  4 yaks (D:8)
  Menkaure (D:6)
  Edmund (D:6)
  A water moccasin (D:8)
  3 orc warriors
  A sky beast (D:7)
  4 ice beasts
  3 ogres
  A black bear (D:6)
  A centaur (D:8)
  A wolf (D:7)
  3 lemures (D:5)
  A phantom (D:6)
  5 kobold brigands
  Blork the orc (D:4)
  3 scorpions
  A bullfrog (D:8)
  A necrophage (D:5)
  7 wights (D:8)
  2 howler monkeys (D:6)
  3 electric eels (D:8)
  A wyvern simulacrum (D:8)
  A hound (D:6)
  3 jellies
  An orc priest (D:8)
  A gnoll bouda (D:8)
  An iguana (D:6)
  5 orc wizards
  Robin (D:3)
  A gnoll (D:8)
  4 adders
  3 white imps
  An ufetubus (D:8)
  The ghost of xian the Sneak, a weakling KoDe (D:5)
  2 dart slugs
  38 orcs
  4 endoplasms
  2 giant cockroaches (D:3)
  13 hobgoblins
  4 jackals (D:3)
  A quokka (D:1)
  3 ball pythons
  5 bats
  13 goblins
  21 kobolds
  5 rats
189 creatures vanquished.

Vanquished Creatures (others)
  A wizard (D:3)
1 creature vanquished.

Grand Total: 190 creatures vanquished

Notes
Turn   | Place    | Note
-------+----------+-------------------------------------------
     0 | D:1      | devnull the Ghoul Gladiator began the quest for the Orb.
     0 | D:1      | Reached XP level 1. HP: 17/17 MP: 0/0
    23 | D:1      | Found a faded altar of an unknown god.
   384 | D:1      | Reached XP level 2. HP: 20/25 MP: 1/1
  1183 | D:2      | Reached skill level 1 in Armour
  1669 | D:3      | Reached XP level 3. HP: 30/30 MP: 2/2
  1821 | D:3      | Found a bloodstained altar of Trog.
  1832 | D:3      | Found a shimmering altar of Xom.
  1896 | D:3      | Reached skill level 3 in Fighting
  1952 | D:3      | Noticed Robin
  1968 | D:3      | Killed Robin
  1970 | D:3      | Reached XP level 4. HP: 38/38 MP: 3/3
  2268 | D:3      | Noticed a wizard
  2274 | D:3      | Killed a wizard
  2564 | D:4      | Noticed a scorpion
  2723 | D:4      | Found a sparkling altar of Nemelex Xobeh.
  2761 | D:4      | Noticed Blork the orc
  2840 | D:4      | Killed Blork the orc
  2841 | D:4      | Reached XP level 5. HP: 46/46 MP: 4/4
  2873 | D:4      | Noticed an ogre
  2884 | D:4      | Killed an ogre
  2885 | D:4      | Reached skill level 4 in Fighting
  2885 | D:4      | Reached XP level 6. HP: 41/52 MP: 5/5
  3471 | D:4      | Found an iron altar of Okawaru.
  3590 | D:4      | Learned a level 1 spell: Freeze
  3655 | D:5      | Entered Level 5 of the Dungeon
  3968 | D:5      | Reached XP level 7. HP: 54/60 MP: 6/6
  4129 | D:5      | Reached skill level 5 in Fighting
  4129 | D:5      | Reached skill level 1 in Ice Magic
  4165 | D:5      | Reached skill level 5 in Axes
  4291 | D:5      | Found a runed translucent door.
  4557 | D:5      | Noticed xian's ghost (weakling KoDe)
  4564 | D:5      | Killed xian's ghost
  4611 | D:6      | Noticed Pikel
  4749 | D:6      | Killed Pikel
  4750 | D:6      | Reached skill level 6 in Fighting
  4750 | D:6      | Reached XP level 8. HP: 61/70 MP: 7/7
  4952 | D:6      | Reached skill level 5 in Armour
  5020 | D:6      | Noticed Menkaure
  5034 | D:6      | Killed Menkaure
  5342 | D:4      | Became a worshipper of Warmaster Okawaru
  5545 | D:6      | Reached skill level 7 in Fighting
  5545 | D:6      | Reached XP level 9. HP: 78/79 MP: 2/8
  5657 | D:6      | Found a staircase to the Ecumenical Temple.
  6189 | D:6      | Noticed Edmund
  6196 | D:6      | Killed Edmund
  6481 | D:7      | Reached * piety under Okawaru
  6730 | D:7      | Found a broken altar of Ashenzari.
  6830 | D:7      | Found a radiant altar of Vehumet.
  6981 | D:7      | Found a hide-covered altar of Uskayaw.
  7057 | D:7      | Noticed Prince Ribbit
  7333 | D:7      | Killed Prince Ribbit
  7334 | D:7      | Reached skill level 8 in Fighting
  7726 | D:8      | Reached ** piety under Okawaru
  7935 | D:8      | Noticed a polar bear
  8027 | D:8      | Reached XP level 10. HP: 85/90 MP: 3/9
  8410 | D:8      | Paralysed by a wight for 3 turns
  8419 | D:8      | Reached skill level 5 in Ice Magic
  8421 | D:8      | Paralysed by a wight for 3 turns
  8429 | D:8      | Paralysed by a wight for 5 turns
  8603 | D:8      | Reached skill level 9 in Fighting
  8866 | D:8      | Reached *** piety under Okawaru
  8868 | D:8      | Noticed Amaemon
  8871 | D:8      | Noticed an orange demon
 10576 | D:8      | Slain by a troll

Illustrated notes

Levels and vault maps discovered:
D:1:      lightli_arrival_chessboard, layout_loops_corners,
          hellmonk_ecumenical_altar_crossroads
D:2:      layout_basic
D:3:      layout_loops_ring, trog_wizard, mainiacjoe_overflow_alcove_4,
          uniq_robin
D:4:      cheibrodos_greedy_goblins, layout_layer_cave,
          nemelex_xobeh_ov_fountains_minmay, mainiacjoe_overflow_catch_the_wave,
          general_overflow_altar, uniq_blork_the_orc
D:5:      layout_loops_cross, ebering_ghost_reflecting_pool, kennysheep_potato
D:6:      layout_basic, temple_fountains, serial_corexii_hall,
          chequers_hall_statues_corner_a, corexii_hall_statues_l,
          chequers_hall_statues_corner_a, minmay_puff, uniq_menkaure,
          uniq_pikel, uniq_edmund
D:7:      layout_loops_corners, mainiacjoe_overflow_paths,
          nicolae_ashenzari_panopticon, lemuel_tele_altar,
          kennysheep_decorative_pillar, serial_bayou_pond_a, uniq_prince_ribbit1
D:8:      layout_basic, serial_ice, serial_ice_f, serial_ice_h, serial_ice_d,
          serial_ice_i, minmay_unpleasant_kobolds, uniq_amaemon
D:9:      layout_long_grid, hellmonk_ghost_happy_afterlife

Skill      XL: |  1  2  3  4  5  6  7  8  9 10 |
---------------+-------------------------------+-----
Axes           | 3 4 5 6 7 8 |  8.3
Armour         | 1 2 3 4 5 6 7 |  7.7
Fighting       | 3 4 6 7 8 9 |  9.6
Ice Magic      | 2 3 4 5 |  5.3
Throwing       | |  1.7
Dodging        | |  2.6

Action                   |  1- 3 |  4- 6 |  7- 9 | 10-12 || total
-------------------------+-------+-------+-------+-------++-------
Melee: War axe           |    85 |    86 |   211 |   151 ||   533
       Punch             |       |     1 |     3 |     2 ||     6
Throw: Javelin           |       |     2 |     2 |     2 ||     6
       Throwing net      |       |     2 |       |     1 ||     3
Invok: Heroism           |       |       |       |     1 ||     1
Evoke: Wand              |       |       |    16 |       ||    16
  Use: Scroll            |       |     7 |     1 |     2 ||    10
 Stab: Held in net/web   |       |       |       |     1 ||     1
Armor: Leather armour    |    31 |    33 |     8 |       ||    72
       Ring mail         |       |       |    92 |    46 ||   138
       Plate armour      |       |       |       |    44 ||    44
       Chain mail        |       |       |       |    38 ||    38
Dodge: Dodged            |    55 |    52 |   107 |    95 ||   309
